 Dungeon Crawl Stone Soup version 0.29.1-12-g30fa7ad0bf (webtiles) character file.

Game seed: 13448217440904856317

72 MrSixtyFour the Magician (level 4, -4/30 HPs)
             Began as a Demonspawn Hedge Wizard on Dec 25, 2022.
             Slain by a gnoll
             ... wielding a +0 flail
              (5 damage)
             ... on level 3 of the Dungeon.
             The game lasted 00:09:24 (3821 turns).

MrSixtyFour the Magician (Demonspawn Hedge Wizard)  Turns: 3821, Time: 00:09:24

Health: -4/30      AC:  9    Str: 10    XL:     4   Next: 7%
Magic:  8/8        EV:  4    Int: 16    God:
Gold:   160        SH:  0    Dex: 14    Spells: 8/9 levels left

rFire   + . .      SeeInvis .   e - +2 whip (venom)
rCold   . . .      Faith    .   (no shield)
rNeg    . . .      Spirit   .   d - +0 chain mail {rF+}
rPois   .          Reflect  .   c - +0 hat
rElec   .          Harm     .   (no cloak)
rCorr   .          Rampage  .   (no gloves)
Will    .....                   (no boots)
Stlth   ..........              (no amulet)
HPRegen 0.10/turn               (no ring)
MPRegen 0.11/turn               (no ring)

@: about to teleport, slowed, very slow
A: sharp scales 1
a: no special abilities


You were on level 3 of the Dungeon.
You visited 1 branch of the dungeon, and saw 3 of its levels.

You collected 160 gold pieces.

Inventory:

Hand Weapons
 a - a +0 dagger
 e - a +2 whip of venom (weapon)
Armour
 b - a +0 robe
 c - a +0 hat (worn)
 d - a +0 chain mail of fire resistance (worn)
 n - a +0 cloak
Scrolls
 j - a scroll of enchant armour {unknown}
 k - a scroll of blinking {unknown}
 l - a scroll of identify {unknown}
Potions
 h - a potion of might {unknown}
 i - a potion of resistance {unknown}
 m - a potion of brilliance {unknown}


   Skills:
 - Level 1.7 Dodging
 - Level 3.0 Stealth
 - Level 3.0 Spellcasting
 + Level 1.9 Conjurations
 + Level 1.9 Summonings
 + Level 1.7 Translocations


You had 8 spell levels left.
You knew the following spells:

 Your Spells              Type           Power      Damage    Failure   Level
a - Magic Dart            Conj           32%        1d4       100%        1

Your spell library contained the following spells:

 Spells                   Type           Power      Damage    Failure   Level
 Slow                     Hex            8%         N/A       100%        1
 Blink                    Tloc           16%        N/A       100%        2
 Call Imp                 Summ           8%         N/A       100%        2
 Call Canine Familiar     Summ           8%         N/A       100%        3
 Conjure Flame            Conj/Fire      5%         6-21      100%        3
 Mephitic Cloud           Conj/Pois/Air  4%         N/A       100%        3
 Portal Projectile        Hex/Tloc       10%        N/A       100%        3
 Leda's Liquefaction      Hex/Erth       1%         N/A       100%        4


Dungeon Overview and Level Annotations

Branches:
Dungeon (3/15)

Altars:

Annotations:
D:3 1 runed translucent door, Jingleheimer's ghost, amateur FoFi; Natasha


Innate Abilities, Weirdness & Mutations

You are partially covered in razor-sharp scales. (AC +1, Slay +1)


Message History

An orc comes into view. It is wielding a +0 dagger.
A gnoll comes into view. It is wielding a +0 spear.
You see here a +0 cloak.
n - a +0 cloak The gnoll shouts!
An orc priest comes into view. It is wielding a +0 whip.
An orc comes into view. It is wielding a +0 club.
The orc priest calls down the wrath of Beogh upon you.
Beogh smites you!
A gnoll comes into view. It is wielding a +0 club.
You hear a shout!
You closely miss the gnoll. The gnoll hits you but does no damage.
A jackal comes into view.
Natasha claws you but does no damage. Natasha attacks as you move away!
Natasha claws you. The gnoll hits you but does no damage.
Natasha casts a spell at you. The magic dart hits you.
The orc priest calls down the wrath of Beogh upon you.
Beogh smites you!
* * * LOW HITPOINT WARNING * * *
Okay, then.
As you read the scroll labelled HODAVA XAUREUX, it crumbles to dust.
You hear a loud clanging noise!
It was a scroll of noise.
You hear a shout! x2; You hear a bark!
You hear an angry hiss.
You hear a shout!
You hear an angry hiss. x2
The gnoll hits you but does no damage. Natasha claws you but does no damage.
A kobold comes into view. It is wielding a +0 dagger.
A gnoll comes into view. It is wielding a +0 flail.
The gnoll barely misses you.
The gnoll hits you from afar with a +0 spear.
* * * LOW HITPOINT WARNING * * *
Natasha claws you.
* * * LOW HITPOINT WARNING * * *
As you read the scroll labelled LUAGOU REIPA, it crumbles to dust.
You feel strangely unstable.
It was a scroll of teleportation.
The gnoll shouts!
The gnoll hits you with a +0 flail.
You die...

#....#.##..### #.#.#
>............####.#.#
..................#.# ###
...........####...#.#####~?~
.....#..................####
##h.g...o.....###.....†.....
........goJ##.# #.#..####...
##.g.#.##gh##.###.#.......##
..........g@......#.......#
. ..........#.###.#.......##
............................
...#.#.##...#.###.#.........
............#K# #.#......#
........#...#.# #.######.#
#....#..[#.. ....... ..
#...#.# ....... ############


You could see an orc priest, Natasha, 4 gnolls, an orc, an endoplasm and a
kobold.

Vanquished Creatures
  An adder (D:2)
  A worm (D:2)
  5 dart slugs
  5 ball pythons (D:1)
  5 endoplasms
  4 giant cockroaches (D:1)
  5 goblins
  2 hobgoblins
  4 jackals (D:2)
  A quokka (D:2)
  4 bats
  5 frilled lizards
  4 kobolds
  3 rats
49 creatures vanquished.

Notes
Turn   | Place    | Note
-------+----------+-------------------------------------------
     0 | D:1      | MrSixtyFour the Demonspawn Hedge Wizard began the quest for
                  | the Orb.
     0 | D:1      | Reached XP level 1. HP: 13/13 MP: 4/4
    88 | D:1      | Reached skill level 1 in Translocations
   467 | D:1      | Gained mutation: You are partially covered in razor-sharp
                  | scales. (AC +1, Slay +1) [demonic ancestry]
   467 | D:1      | Reached XP level 2. HP: 14/19 MP: 1/6
   853 | D:1      | Found a faded altar of an unknown god.
  1381 | D:1      | Reached XP level 3. HP: 15/24 MP: 7/7
  3591 | D:3      | Reached XP level 4. HP: 25/30 MP: 8/8
  3749 | D:3      | Found a runed translucent door.
  3752 | D:3      | Noticed a bullfrog
  3753 | D:3      | Noticed Jingleheimer's ghost (amateur FoFi)
  3812 | D:3      | Noticed Natasha
  3820 | D:3      | HP: 1/30 [Natasha (2)]
  3821 | D:3      | Slain by a gnoll

Illustrated notes

Levels and vault maps discovered:
D:1:      eino_arrival_water_star, layout_loops_ring,
          shapermc_ecumenical_altar_totnotflames
D:2:      layout_basic
D:3:      layout_basic, ebering_ghost_sewer_d, minmay_bisected, uniq_natasha

Skill      XL: |  1  2  3 |
---------------+----------+-----
Translocations | 1 |  1.7
Stealth        | 2 3 |  3.0
Dodging        | |  1.7
Spellcasting   | |  3.0
Conjurations   | |  1.9
Summonings     | |  1.9

Action                   |  1- 3 |  4- 6 || total
-------------------------+-------+-------++-------
Melee: Dagger            |   109 |       ||   109
       Whip              |    39 |     9 ||    48
       Punch             |     2 |       ||     2
 Cast: Magic Dart        |    28 |       ||    28
  Use: Potion            |     3 |       ||     3
       Scroll            |       |     2 ||     2
 Stab: Sleeping          |     1 |       ||     1
Armor: Robe              |     8 |       ||     8
       Chain mail        |    73 |     9 ||    82
Dodge: Dodged            |    49 |     3 ||    52
